 Dungeon Crawl Stone Soup version 0.29.1 (webtiles) character file.

Game seed: 13680237121960621936

34 Iusername the Trooper (level 3, 0/34 HPs)
             Began as a Minotaur Abyssal Knight on Sept 12, 2022.
             Was a Priest of Lugonu.
             Slain by a worm (5 damage)
             ... on level 2 of the Dungeon.
             The game lasted 00:03:06 (1151 turns).

Iusername the Trooper (Minotaur Abyssal Knight)     Turns: 1151, Time: 00:03:07

Health: 0/34       AC:  3    Str: 19    XL:     3   Next: 14%
Magic:  3/3        EV: 11    Int:  7    God:    Lugonu [***...]
Gold:   59         SH:  0    Dex: 10    Spells: 2/2 levels left

rFire   . . .      SeeInvis .   a - +1 hand axe
rCold   . . .      Faith    .   (no shield)
rNeg    . . .      Spirit   .   b - +0 leather armour
rPois   .          Reflect  .   (helmet restricted)
rElec   .          Harm     .   (no cloak)
rCorr   .          Rampage  .   (no gloves)
Will    .....                   (no boots)
Stlth   +.........              (no amulet)
HPRegen 0.11/turn               (no ring)
MPRegen 0.08/turn               (no ring)

@: attractive
A: horns 2, retaliatory headbutt
a: Renounce Religion, Depart the Abyss, Bend Space, Banish


You were on level 2 of the Dungeon.
You worshipped Lugonu.
Lugonu was most pleased with you.
You visited 1 branch of the dungeon, and saw 2 of its levels.
You visited the Abyss 1 time.

You collected 59 gold pieces.

Inventory:

Hand Weapons
 a - a +1 hand axe (weapon)
 i - a +0 dagger
 j - a +0 sling
 m - a +0 club
 n - a +0 short sword
 o - a +0 dagger
 p - a +0 club
Armour
 b - a +0 leather armour (worn)
 e - a +0 cloak
 q - a +0 leather armour
Scrolls
 c - a scroll of identify {unknown}
 g - 2 scrolls of fog {unknown}
 h - a scroll of brand weapon {unknown}
 k - 2 scrolls of teleportation {unknown}
 l - a scroll of enchant weapon {unknown}
 r - a scroll of fear {unknown}
Potions
 d - a potion of heal wounds {unknown}
 f - a potion of attraction


   Skills:
 + Level 4.7 Fighting
 + Level 3.0 Axes
 + Level 2.6 Armour
 + Level 1.1 Dodging
 + Level 1.8 Invocations


You had 2 spell levels left.
You didn't know any spells.
Your spell library was empty.

Dungeon Overview and Level Annotations

Branches:
Dungeon (2/15)

Altars:


Innate Abilities, Weirdness & Mutations

You have a pair of horns on your head.
You reflexively headbutt those who attack you in melee.


Message History

Your experience leads to an increase in your attributes!
Increase (S)trength, (I)ntelligence, or (D)exterity?
You feel stronger. x2
You hit the orc. You headbutt the orc.
You kill the orc!
Lugonu accepts your kill.
You are too injured to fight recklessly!
You barely miss the orc. The orc hits you with a +0 whip.
You are too injured to fight recklessly!
You barely miss the orc. The orc hits you with a +0 whip.
* * * LOW HITPOINT WARNING * * *
You are too injured to fight recklessly!
Unknown command.
Okay, then.
It was a potion of attraction.
You feel attractive to monsters. The orc misses you.
You hit the orc. Your headbutt misses the orc.
The orc is lightly wounded.
The orc completely misses you.
You hit the orc but do no damage.
The orc is lightly wounded.
The orc hits you with a +0 whip.
* * * LOW HITPOINT WARNING * * *
The orc barely misses you.
You barely miss the orc.
The orc is lightly wounded.
The orc closely misses you. You furiously retaliate!
You headbutt the orc!
You kill the orc!
Lugonu accepts your kill. The worm is attracted toward you.
Your Axes skill increases to level 3!
You hit the worm but do no damage. Your headbutt misses the worm.
The worm barely misses you.
You hit the worm.
The worm is moderately wounded.
You completely miss the worm.
The worm is moderately wounded.
The worm bites you.
You die...

#.##.## #'# ##...##
#. ....## ##.##
##..# #. .. ###
#.#.# ####...
##..###.###..##>#.#
#.8...#.#...8.#...#
#....#'.'#....#
#....#'.'#....#
#.8...#w#...8.#
##.w# #@###..## ##
#.#.# ### ## ##


You could see a worm.

Vanquished Creatures
  4 orcs (D:2)
  3 ball pythons
  An endoplasm (D:1)
  3 goblins
  6 jackals (D:1)
  A quokka (D:1)
  A bat (D:1)
  A frilled lizard (D:1)
  3 kobolds (D:1)
  4 rats (D:1)
27 creatures vanquished.

Notes
Turn   | Place    | Note
-------+----------+-------------------------------------------
     0 | Abyss:1  | Iusername the Minotaur Abyssal Knight began the quest for
                  | the Orb.
     0 | Abyss:1  | Reached XP level 1. HP: 19/19 MP: 1/1
    86 | Abyss:1  | Found a corrupted altar of Lugonu.
   105 | D:1      | Escaped the Abyss
   138 | D:1      | Reached skill level 4 in Fighting
   221 | D:1      | Reached XP level 2. HP: 27/27 MP: 2/2
  1069 | D:2      | Reached *** piety under Lugonu
  1142 | D:2      | Reached XP level 3. HP: 17/34 MP: 3/3
  1151 | D:2      | Slain by a worm

Illustrated notes

Levels and vault maps discovered:
D:1:      mrwooster_arrival_statue, layout_loops_cross, serial_bayou_pond_d
D:2:      layout_loops_ring, wad_orctagon

Skill      XL: |  1  2  3 |
---------------+----------+-----
Fighting       | 4 |  4.7
Axes           | 3 |  3.0
Armour         | |  2.6
Dodging        | |  1.1
Invocations    | |  1.8

Action                   || total
-------------------------++-------
Melee: Hand axe          ||    51
       Headbutt          ||     7
       Punch             ||     2
  Use: Potion            ||     1
Armor: Leather armour    ||    10
Dodge: Dodged            ||    36
